 Dungeon Crawl Stone Soup version 0.19.1-1-g22dce08 (webtiles) character file.

3600 theAP the Basher (level 10, -1/66 HPs)
             Began as a Gargoyle Fighter on Jan 3, 2017.
             Was an Initiate of Ashenzari.
             Incinerated by a mottled dragon (6 damage)
             ... with a sticky flame
             ... on level 8 of the Dungeon.
             The game lasted 00:19:41 (6794 turns).

theAP the Basher (Gargoyle Fighter)                 Turns: 6794, Time: 00:19:42

Health: -1/66      AC: 25    Str: 22    XL:     10   Next: 10%
Magic:  10/10      EV:  4    Int:  8    God:    Ashenzari [......]
Gold:   513        SH: 10    Dex:  9    Spells: 0 memorised, 9 levels left

rFire  . . .     SeeInvis .     g - +0 flail (protect)
rCold  . . .     Gourm    .     h - +0 plate armour
rNeg   + . .     Faith    .     c - +1 shield
rPois  ∞         Spirit   .     (no helmet)
rElec  +         Reflect  .     (no cloak)
rCorr  .         Harm     .     (no gloves)
MR     .....                    (no boots)
Stlth  ..........               (no amulet)
                                x - -2 ring of strength (curse)
                                u - ring of wizardry

@: liquid flames, protection aura, flying, hasted, glowing, very quick
A: negative energy resistance 1, electricity resistance, unbreathing,
petrification resistance, rot immunity, AC +7
a: Curse Item, Renounce Religion


You were on level 8 of the Dungeon.
You worshipped Ashenzari.
Ashenzari was noncommittal.
You were hungry.

You visited 2 branches of the dungeon, and saw 9 of its levels.

You collected 513 gold pieces.

Inventory:

Hand Weapons
 a - a +1 flail
 g - a +0 flail of protection (weapon)
Armour
 c - a +1 shield (worn)
 h - a +0 plate armour (worn)
 i - the cursed +1 ring mail "Geogirol" {-Cast rElec MR+++ Stlth-}
   (You found it on level 7 of the Dungeon)

   It insulates you from electricity.
   It affects your resistance to hostile enchantments.
   It prevents spellcasting.
   It makes you less stealthy.
   It has a curse placed upon it.
Jewellery
 b - a cursed amulet of guardian spirit
 k - a cursed amulet of inaccuracy
 m - an uncursed ring of protection from cold
 u - a ring of wizardry (left hand)
 x - a cursed -2 ring of strength (right hand)
Scrolls
 d - 3 scrolls of blinking {unknown}
 l - 6 scrolls of identify
 o - a scroll of teleportation
 w - 3 scrolls of fear {unknown}
 B - a scroll of random uselessness {unknown}
 D - a scroll of enchant weapon
Potions
 e - a potion of ambrosia
 p - 4 potions of brilliance
 q - a potion of heal wounds {unknown}
 r - a potion of invisibility {unknown}
 t - a potion of flight
 v - a potion of lignification {unknown}
 A - a potion of agility {unknown}
 C - a potion of magic {unknown}
Books
 y - a book of Cantrips

   Spells                             Type                      Level
   a - Confusing Touch                Hexes                        1
   b - Animate Skeleton               Necromancy                   1
   c - Summon Small Mammal            Summoning                    1
   d - Apportation                    Translocation                1
Comestibles
 f - 4 bread rations
 n - 5 beef jerkies
 z - a meat ration


   Skills:
 + Level 9.1 Fighting
 * Level 11.3 Maces & Flails
 - Level 3.9 Armour
 - Level 1.0 Dodging
 - Level 0.2 Stealth
 - Level 4.1 Shields


You had 9 spell levels left.
You didn't know any spells.

Dungeon Overview and Level Annotations

Branches:
Dungeon (8/15)             Temple (1/1) D:7
   Lair: D:8-11

Altars:
Ashenzari
Cheibriados
Dithmenos
Elyvilon
Fedhas
Gozag
Hepliaklqana
Kikubaaqudgha
Makhleb
Nemelex Xobeh
Okawaru
Qazlal
Ru
Sif Muna
Trog
Uskayaw
Vehumet
Xom
Yredelemnul
Zin
The Shining One

Shops:
D:5 ?   D:7 [


Innate Abilities, Weirdness & Mutations

You are resistant to torment.
Your stone body is resilient. (AC +7)
You are immune to poison.
You resist negative energy. (rN+)
You are resistant to electric shocks. (rElec)
You can survive without breathing.
You are immune to petrification.
You are immune to rotting.


Message History

The sticky flame hits you!
You are covered in liquid flames!
The howler monkey hoots and howls with incredible vigour!
You hear an angry hiss.
You hit the mottled dragon.
The mottled dragon is severely wounded.
You are covered in liquid flames!
* * * LOW HITPOINT WARNING * * *
The mottled dragon barely misses you.
The mottled dragon claws you but does no damage.
It was a potion of flight.
You feel very buoyant.
You fly up into the air.
You are covered in liquid flames!
* * * LOW HITPOINT WARNING * * *
You block the mottled dragon's attack. The mottled dragon claws you.
* * * LOW HITPOINT WARNING * * *
It was a potion of haste.
You feel yourself speed up.
You are covered in liquid flames!
You die...

# # #. ############
#.#.##...hhD@...###
####........###.....#
##### ...D.......##
#.##..#####...###
!....#.#.###
######...###.....
....#.####
####†..##### h. ##
#####


You could see a mottled dragon and 2 howler monkeys.

Vanquished Creatures
  2 komodo dragons (D:8)
  The ghost of terep12 the Slasher, an amateur GrBe of Trog (D:5)
  A hornet zombie (D:5)
  An orc warrior (D:6)
  3 ice beasts
  2 phantoms
  4 ogres
  A centaur (D:6)
  A crocodile (D:8)
  A big kobold (D:8)
  A bullfrog (D:6)
  A gnoll sergeant (D:8)
  A scorpion (D:6)
  A water moccasin skeleton (D:7)
  9 killer bees
  2 howler monkeys
  4 crimson imps
  2 jellies
  A hound (D:8)
  A centaur skeleton (D:5)
  An orc priest (D:7)
  5 orc wizards
  Terence (D:3)
  An iguana (D:6)
  12 worker ants
  A hound zombie (D:7)
  A hound skeleton (D:7)
  A worker ant zombie (D:6)
  6 adders
  7 gnolls
  2 oozes
  A worm (D:2)
  A dart slug (D:3)
  7 leopard geckos
  14 orcs
  13 bats
  4 giant cockroaches
  6 goblins
  8 hobgoblins
  2 jackals (D:4)
  4 quokkas
  A ball python (D:5)
  A ball python skeleton (D:4)
  5 frilled lizards
  14 kobolds
  3 rats
162 creatures vanquished.

Vanquished Creatures (others)
  A kobold (D:8)
1 creature vanquished.

Grand Total: 163 creatures vanquished

Notes
Turn   | Place    | Note
-------+----------+-------------------------------------------
     0 | D:1      | theAP the Gargoyle Fighter began the quest for the Orb.
     0 | D:1      | Reached XP level 1. HP: 14/14 MP: 1/1
    32 | D:1      | Reached XP level 2. HP: 17/19 MP: 2/2
   540 | D:2      | Reached XP level 3. HP: 12/23 MP: 3/3
  1017 | D:2      | Reached XP level 4. HP: 28/28 MP: 4/4
  1498 | D:3      | Noticed Terence
  1511 | D:3      | Killed Terence
  1511 | D:3      | Reached skill level 3 in Maces & Flails
  1511 | D:3      | Reached skill level 1 in Dodging
  1538 | D:3      | Found an iron altar of Okawaru.
  1736 | D:3      | Reached XP level 5. HP: 30/33 MP: 5/5
  2310 | D:4      | Reached skill level 4 in Maces & Flails
  2389 | D:4      | Noticed an ogre
  2399 | D:4      | Killed an ogre
  2399 | D:4      | Reached XP level 6. HP: 14/39 MP: 6/6
  2673 | D:4      | Got a bloodstained chain mail
  2688 | D:4      | Identified the +1 chain mail of Guyhyamo {+Fly rF+} (You found it on level 4 of the Dungeon)
  2712 | D:4      | Reached skill level 5 in Maces & Flails
  2915 | D:5      | Entered Level 5 of the Dungeon
  2924 | D:5      | Found Isilol's Magic Scroll Shop.
  3015 | D:5      | Noticed a phantom
  3024 | D:5      | Found a basalt altar of Yredelemnul.
  3032 | D:5      | Reached XP level 7. HP: 32/44 MP: 7/7
  3055 | D:5      | Reached skill level 5 in Fighting
  3152 | D:5      | Reached skill level 6 in Maces & Flails
  3324 | D:5      | Found a shadowy altar of Dithmenos.
  3426 | D:5      | Noticed terep12's ghost (amateur GrBe)
  3464 | D:5      | Killed terep12's ghost
  3464 | D:5      | Reached skill level 7 in Maces & Flails
  3464 | D:5      | Reached XP level 8. HP: 21/51 MP: 8/8
  4212 | D:6      | Found a bloodstained altar of Trog.
  4241 | D:6      | Reached skill level 8 in Maces & Flails
  4752 | D:6      | Found a bloodstained altar of Trog.
  4863 | D:7      | Reached skill level 9 in Maces & Flails
  4863 | D:7      | Reached XP level 9. HP: 49/57 MP: 9/9
  5344 | D:7      | Reached skill level 10 in Maces & Flails
  5418 | D:7      | Found a staircase to the Ecumenical Temple.
  5433 | Temple   | Entered the Ecumenical Temple
  5622 | Temple   | Became a worshipper of Ashenzari the Shackled
  5659 | D:7      | Found Vulampeeqe's Antique Armour Shoppe.
  5741 | D:7      | Got the cursed ring mail "Geogirol" {-Cast rElec MR+++ Stlth-}
  6229 | D:8      | Found a blossoming altar of Fedhas.
  6284 | D:8      | Found a sacrificial altar of Ru.
  6615 | D:8      | Noticed a komodo dragon
  6634 | D:8      | Killed a komodo dragon
  6634 | D:8      | Reached skill level 11 in Maces & Flails
  6634 | D:8      | Reached XP level 10. HP: 13/65 MP: 10/10
  6794 | D:8      | Incinerated by a mottled dragon

Skill      XL: |  1  2  3  4  5  6  7  8  9 10 |
---------------+-------------------------------+-----
Maces & Flails | 3 4 5 7 9 11 | 11.3
Dodging        | 1 |  1.0
Shields        | 4 |  4.1
Fighting       | 4 6 7 8 9 |  9.1
Armour         | |  3.9
Stealth        | |  0.2

Action                   |  1- 3 |  4- 6 |  7- 9 | 10-12 || total
-------------------------+-------+-------+-------+-------++-------
Melee: Flail             |   156 |   241 |   612 |    35 ||  1044
  Use: Scroll            |     3 |     7 |       |       ||    10
       Potion            |       |       |     2 |     3 ||     5
  Eat: Chunk             |     1 |     6 |     5 |       ||    12
       Fruit             |       |     1 |     3 |       ||     4
       Meat ration       |       |       |     1 |       ||     1
Armor: Scale mail        |    35 |       |       |       ||    35
       Ring mail         |    71 |    99 |       |       ||   170
       Chain mail        |       |    29 |    21 |       ||    50
       Plate armour      |       |       |   338 |    17 ||   355
Dodge: Dodged            |    92 |    74 |   105 |     8 ||   279
Block: Shield            |    88 |   154 |   334 |    14 ||   590
